 Dungeon Crawl Stone Soup version 0.29-a0-557-g43b9904bd1 (webtiles) character file.

Game seed: 11893275997367060262

6475 Miritol the Quickloader (level 11, -8/57 HPs)
             Began as a Tengu Hunter on June 8, 2022.
             Was a Priest of Okawaru.
             Mangled by a manticore (14 damage)
             ... on level 9 of the Dungeon.
             The game lasted 00:27:08 (12665 turns).

Miritol the Quickloader (Tengu Hunter)             Turns: 12665, Time: 00:27:09

Health: -8/57      AC: 12    Str: 11    XL:     11   Next: 0%
Magic:  15/15      EV: 21    Int: 10    God:    Okawaru [***...]
Gold:   227        SH:  4    Dex: 22    Spells: 10/10 levels left

rFire   + . .      SeeInvis .   b - +1 dagger (venom)
rCold   . . .      Faith    +   y - +0 buckler
rNeg    . . .      Spirit   .   t - +1 ring mail {rF+}
rPois   +          Reflect  .   (helmet restricted)
rElec   .          Harm     .   (no cloak)
rCorr   .          Rampage  .   A - +1 pair of gloves
Will    .....                   (boots unavailable)
Stlth   +.........              B - amulet of faith
HPRegen 0.19/turn               M - +4 ring of protection
MPRegen 0.14/turn               C - ring of poison resistance

@: brilliant, spiked, attractive, flying quickly and evasively, invisible, quick
A: beak, talons 3, nimble flight
a: Renounce Religion, Heroism


You were on level 9 of the Dungeon.
You worshipped Okawaru.
Okawaru was most pleased with you.
You visited 2 branches of the dungeon, and saw 11 of its levels.

You collected 627 gold pieces.
You spent 400 gold pieces at shops.

Inventory:

Hand Weapons
 a - a +1 hand crossbow
 b - a +1 dagger of venom (weapon)
 J - a +0 war axe
Missiles
 v - 5 poisoned darts (quivered)
Armour
 t - a +1 ring mail of fire resistance (worn)
 y - a +0 buckler (worn)
 A - a +1 pair of gloves (worn)
Jewellery
 g - a ring of magical power
 q - a ring of willpower
 B - an amulet of faith (around neck)
 C - a ring of poison resistance (right hand)
 M - a +4 ring of protection (left hand)
Wands
 l - a wand of digging (1)
 m - a wand of flame (49)
 w - a wand of iceblast (6)
 K - a wand of mindburst (3)
 L - a wand of polymorph (4)
Scrolls
 d - a scroll of poison
 e - 2 scrolls of torment
 f - 2 scrolls of enchant armour {unknown}
 k - 2 scrolls of noise {unknown}
 n - a scroll of summoning {unknown}
 p - 2 scrolls of blinking
 s - 4 scrolls of teleportation
 G - a scroll of amnesia {unknown}
 N - a scroll of magic mapping {unknown}
Potions
 i - 2 potions of magic
 j - 2 potions of mutation
 o - 5 potions of lignification
 r - a potion of cancellation {unknown}
 u - a potion of flight {unknown}
 x - 2 potions of attraction
 z - a potion of berserk rage {unknown}
 D - a potion of heal wounds {unknown}
 H - a potion of brilliance
 I - 2 potions of resistance
Miscellaneous
 F - a condenser vane


   Skills:
 - Level 2.0 Fighting
 + Level 3.1 Short Blades
 + Level 12.6 Crossbows
 + Level 12.0 Dodging
 - Level 1.0 Stealth
 + Level 4.0 Invocations


You had 10 spell levels left.
You didn't know any spells.
Your spell library contained the following spells:

 Spells                   Type           Power      Damage    Failure   Level
 Beastly Appendage        Tmut           0%         N/A       78%         1
 Blink                    Tloc           0%         N/A       89%         2
 Wereblood                Tmut           0%         N/A       89%         2
 Lesser Beckoning         Tloc           0%         N/A       98%         3
 Spider Form              Tmut/Pois      0%         N/A       98%         3
 Manifold Assault         Tloc           0%         N/A       100%        5


Dungeon Overview and Level Annotations

Branches:
Dungeon (10/15)            Temple (1/1) D:7             Orc (0/2) D:10
   Lair: D:8-11

Altars:
Ashenzari
Cheibriados
Dithmenos
Elyvilon
Fedhas
Gozag
Hepliaklqana
Kikubaaqudgha
Makhleb
Nemelex Xobeh
Okawaru
Qazlal
Ru
Sif Muna
Trog
Uskayaw
Vehumet
Wu Jian
Xom
Yredelemnul
Zin
The Shining One

Shops:
D:1 =

Annotations:
D:4 1 runed translucent door, NYM's ghost, weakling MeDe
D:6 1 runed translucent door, blade888's ghost, novice OpIE
D:7 2 transporters ice beasts
D:10 vampires above


Innate Abilities, Weirdness & Mutations

You have a beak for a mouth.
You have claws for feet.
Your magical nature lets you fly swiftly and evasively.


Message History

Shoot: a) +1 hand crossbow
Press: ? - help, Q - select action, (/) - cycle Shift-Dir - straight line, f/p - manticore
Aim: a manticore (lightly wounded, 79% to hit)
You shoot a bolt. The bolt hits the manticore.
The manticore is moderately wounded.
The manticore flicks its tail.
The volley of spikes hits you.
The barbed spikes become lodged in your body.
* * * LOW HITPOINT WARNING * * *
It was a potion of attraction.
You feel attractive to monsters.
It was a potion of brilliance.
You feel clever all of a sudden. You block the manticore's attack.
The manticore misses you. The manticore closely misses you.
It was a potion of invisibility.
You fade into invisibility!
The manticore misses you. The manticore barely misses you. x2
Okay, then.
Press: ? - help, v - describe, . - travel
Here: a manticore (moderately wounded, can't see you)
The floor.
Unknown command.
Unknown command.
Unknown command.
Unknown command.
Your +1 dagger of venom begins to drip with poison!
b - a +1 dagger of venom (weapon)
The manticore completely misses you. x2
The manticore claws you but does no damage.
You catch the helpless manticore completely off-guard!
You puncture the manticore!
You peck the manticore, but do no damage.
The manticore is heavily wounded.
The manticore bites you!
* * * LOW HITPOINT WARNING * * *
The manticore completely misses you. The manticore closely misses you.
Unknown command.
You feel better. The manticore bites you!
You die...

### ##..#..##.## .#.
#.#.#[#.#..# ##.#.#.#.##.#
######### #.:#.#.#..#)#
#........ #..#.#.#..#.#
#........ ##############..#
##........ ................#
#.........
##########..##########.........
#...H@............W...
#############...###### #...#
#... ##### #.## #.## #.#. #.#.
#.#. #.#.


You could see a manticore (can't see you).

Vanquished Creatures
  2 deep elf pyromancers (D:9)
  A troll (D:10)
  Grinder (D:5)
  A hornet (D:9)
  Prince Ribbit (D:6)
  A wraith (D:9)
  6 yaks
  3 steam dragons
  A water moccasin (D:6)
  2 orc warriors (D:9)
  A black bear (D:6)
  An ice beast (D:6)
  A sky beast (D:8)
  4 ogres
  3 centaurs
  A phantom (D:6)
  3 bullfrogs
  2 necrophages (D:7)
  5 scorpions
  6 wights (D:9)
  5 killer bees (D:9)
  A howler monkey (D:6)
  4 jellies
  3 hounds
  5 orc priests
  A gnoll shaman (D:6)
  4 iguanas
  10 orc wizards
  11 gnolls
  5 adders
  A shadow imp (D:6)
  2 white imps
  2 ufetubi
  A worm (D:4)
  2 dart slugs (D:1)
  28 orcs
  4 ball pythons
  4 bats
  10 endoplasms
  2 giant cockroaches (D:1)
  7 goblins
  5 hobgoblins
  5 kobolds
  3 quokkas
  A frilled lizard (D:2)
  3 rats
175 creatures vanquished.

Vanquished Creatures (others)
  A plant (D:9)
1 creature vanquished.

Grand Total: 176 creatures vanquished

Notes
Turn   | Place    | Note
-------+----------+-------------------------------------------
     0 | D:1      | Miritol the Tengu Hunter began the quest for the Orb.
     0 | D:1      | Reached XP level 1. HP: 12/12 MP: 2/2
   187 | D:1      | Reached XP level 2. HP: 17/17 MP: 3/3
   409 | D:1      | Reached skill level 5 in Crossbows
   409 | D:1      | Reached XP level 3. HP: 21/21 MP: 4/4
   792 | D:1      | Found Timyf's Jewellery Boutique.
  1418 | D:2      | Reached XP level 4. HP: 10/26 MP: 5/5
  2156 | D:3      | Gained mutation: Your magical nature lets you fly swiftly
                  | and evasively. [Tengu growth]
  2156 | D:3      | Reached XP level 5. HP: 30/30 MP: 6/6
  2341 | D:3      | Found an ancient bone altar of Kikubaaqudgha.
  2629 | D:3      | You are sucked into a shaft and drop 2 floors!
  2629 | D:5      | Entered Level 5 of the Dungeon
  2657 | D:5      | Reached XP level 6. HP: 35/35 MP: 7/7
  2723 | D:5      | Reached skill level 5 in Dodging
  3211 | D:5      | Found a glowing golden altar of the Shining One.
  3456 | D:5      | Reached XP level 7. HP: 40/40 MP: 8/8
  3592 | D:5      | Noticed Grinder
  3615 | D:5      | Killed Grinder
  4024 | D:4      | Identified the +0 robe of Stoicism {rF- Will+ Stlth+}
  4161 | D:4      | Reached XP level 8. HP: 44/44 MP: 9/9
  4361 | D:4      | Found a runed translucent door.
  4524 | D:4      | Noticed NYM's ghost (weakling MeDe)
  4719 | D:6      | Noticed Prince Ribbit
  4735 | D:6      | Killed Prince Ribbit
  4819 | D:6      | Noticed a yak
  4846 | D:6      | Killed a yak
  5250 | D:6      | Reached XP level 9. HP: 47/48 MP: 10/10
  5431 | D:6      | Reached skill level 10 in Crossbows
  5551 | D:6      | Found a runed translucent door.
  5607 | D:6      | Noticed blade888's ghost (novice OpIE)
  5674 | D:6      | Found a hazy altar of Hepliaklqana.
  5984 | D:6      | Found a glowing silver altar of Zin.
  6712 | D:7      | Reached skill level 10 in Dodging
  6800 | D:7      | Found a transporter.
  6872 | D:7      | Found a staircase to the Ecumenical Temple.
  6890 | Temple   | Entered the Ecumenical Temple
  7145 | Temple   | Became a worshipper of Warmaster Okawaru
  7348 | D:1      | Bought an amulet of faith for 400 gold pieces
  7671 | D:7      | Found a transporter.
  8461 | D:8      | Identified the +8 long sword of the Telling Gods {vorpal,
                  | Fragile rF+++ Int+4 Dex+3}
  8494 | D:8      | Reached * piety under Okawaru
  8495 | D:8      | Reached XP level 10. HP: 50/53 MP: 11/11
  8540 | D:8      | Reached skill level 1 in Invocations
  9234 | D:9      | Reached ** piety under Okawaru
 10891 | D:9      | Reached skill level 1 in Short Blades
 11298 | D:10     | Entered Level 10 of the Dungeon
 11552 | D:10     | Found a staircase to the Orcish Mines.
 11626 | D:10     | Reached *** piety under Okawaru
 12302 | D:9      | HP: 2/53 [vampire (7)]
 12617 | D:9      | Noticed a tengu warrior
 12617 | D:9      | Noticed a manticore
 12617 | D:9      | Noticed a manticore
 12617 | D:9      | Noticed a deep elf pyromancer
 12617 | D:9      | Noticed a deep elf pyromancer
 12632 | D:9      | Killed a deep elf pyromancer
 12634 | D:9      | Killed a deep elf pyromancer
 12635 | D:9      | Reached XP level 11. HP: 29/57 MP: 13/15
 12664 | D:9      | HP: 1/57 [manticore (15)]
 12665 | D:9      | Mangled by a manticore

Illustrated notes

Levels and vault maps discovered:
D:1:      matt_arrival_los_fun, layout_basic, serial_shops,
          nicolae_shop_behind_doors
D:2:      layout_loops_corners
D:3:      layout_basic, kiku_gazebo_pond_becter, serial_curves, eino_curves_02,
          eino_curves_01
D:4:      layout_rooms, ebering_ghost_reflecting_pool
D:5:      layout_basic, lemuel_tele_altar, minmay_misc_feat_nine_boxes,
          uniq_grinder
D:6:      layout_basic, mainiacjoe_overflow_alcove_2, kennysheep_mini,
          ebering_ghost_reflecting_pool, minmay_increasing_density,
          uniq_prince_ribbit1
D:7:      gammafunk_cloud_chamber, layout_cave_pods,
          minmay_temple_entry_statues_fountains, grunt_ministairs_12
D:8:      layout_basic
D:9:      minmay_the_grid_triangle_9x9_recursive_2
          [minmay_the_grid_triangle_9x9_prize_top_heavy,
          minmay_the_grid_triangle_9x9_wacky_v,
          minmay_the_grid_triangle_9x9_shrine,
          minmay_the_grid_triangle_9x9_limited_checkers], layout_basic
D:10:     layout_loops_ring, orc_0_dummy, nicolae_underground_beach
Temple:   hc_temple_tempest_star

Skill      XL: |  1  2  3  4  5  6  7  8  9 10 |
---------------+-------------------------------+-----
Dodging        | 3 4 5 7 8 10 12 | 12.0
Crossbows      | 5 6 7 8 9 11 12 | 12.6
Invocations    | 4 |  4.0
Short Blades   | 3 |  3.1
Fighting       | |  2.0
Stealth        | |  1.0

Action                   |  1- 3 |  4- 6 |  7- 9 | 10-12 || total
-------------------------+-------+-------+-------+-------++-------
Melee: Dagger            |    12 |    19 |   194 |   135 ||   360
       Kick              |     4 |     8 |    54 |    60 ||   126
       Peck              |     1 |     5 |    38 |    39 ||    83
       War axe           |       |       |       |    22 ||    22
 Fire: Hand crossbow     |    75 |    68 |   194 |    92 ||   429
Throw: Dart              |       |       |       |     3 ||     3
  Use: Potion            |       |     1 |     1 |     7 ||     9
       Scroll            |       |       |     8 |     6 ||    14
 Stab: Invisible         |       |       |       |     1 ||     1
Armor: Leather armour    |     3 |       |       |       ||     3
       Ring mail         |       |     4 |    42 |    36 ||    82
       Skin              |       |       |    20 |       ||    20
Dodge: Dodged            |    16 |    21 |   218 |   152 ||   407
Block: Buckler           |       |       |    34 |    40 ||    74

Table legend: (Time is in decaauts)
 A = Elapsed time spent in this place.
 B = Non-inter-level travel time spent in this place.
 C = Inter-level travel time spent in this place.
 D = Time resting spent in this place.
 E = Time spent auto-exploring this place.
 F = Levels seen in this place.
 G = Mean time per level.
                   A        B        C        D        E       F      G
               +--------+--------+--------+--------+--------+-----+--------+
         Total |  12217 |  11455 |    762 |   3208 |   6115 |  11 | 1110.6 |
       Dungeon |  11975 |  11224 |    751 |   3208 |   5910 |  10 | 1197.5 |
        Temple |    241 |    231 |     10 |      0 |    205 |   1 |  241.0 |
               +--------+--------+--------+--------+--------+-----+--------+

Top non-repeatable levels by time:
     D:9: 2093 daAuts
     D:6: 1679 daAuts
     D:7: 1454 daAuts
     D:5: 1348 daAuts
     D:8: 1211 daAuts
     D:1: 1162 daAuts
     D:2: 942 daAuts
    D:10: 760 daAuts
     D:3: 738 daAuts
     D:4: 585 daAuts
  Temple: 241 daAuts
